 Dungeon Crawl Stone Soup version 0.30-a0-385-gfebfb9b408 (webtiles) character file.

Game seed: 3526201804959777013

1183 Bnni the Shield-Bearer (level 8, -1/64 HPs)
             Began as a Formicid Fighter on Dec 1, 2022.
             Was an Initiate of Yredelemnul.
             Slain by an orc
             ... wielding a +0 dagger
              (2 damage)
             ... on level 3 of the Dungeon on Dec 2, 2022.
             The game lasted 00:06:51 (3431 turns).

Bnni the Shield-Bearer (Formicid Fighter)           Turns: 3431, Time: 00:06:53

Health: -1/64      AC:  6    Str: 21 (22) XL:     8   Next: 70%
Magic:  9/9        EV:  5    Int:  6 (9)  God:    Yredelemnul [......]
Gold:   243        SH: 10    Dex: 11 (13) Spells: 7/7 levels left

rFire   . . .      SeeInvis +    d - +0 scythe
rCold   + . .      Faith    .    e - +0 buckler
rNeg    . . .      Spirit   .    j - +0 plate armour
rPois   +          Reflect  +    (helmet unavailable)
rElec   .          Harm     .    (no cloak)
rCorr   .          Rampage  .    (no gloves)
Will    .....                    (no boots)
Stlth   ..........               q - amulet of reflection
HPRegen 0.30/turn                (no ring)
MPRegen 0.11/turn                (no ring)

@: brilliant, invisible
A: permanent stasis, dig shafts and tunnels, antennae 3, four strong arms, cold
resistance 1, deformed body, poison resistance
a: Dig, Shaft Self, Renounce Religion, Recall Undead Harvest


You were on level 3 of the Dungeon.
You worshipped Yredelemnul.
Yredelemnul was noncommittal.
You visited 2 branches of the dungeon, and saw 7 of its levels.

You collected 243 gold pieces.

Inventory:

Hand Weapons
 a - a +0 trident
 d - a +0 scythe (weapon)
Armour
 e - a +0 buckler (worn)
 j - a +0 plate armour (worn)
 s - a +2 kite shield
Jewellery
 q - an amulet of reflection (around neck)
Wands
 n - a wand of iceblast (4)
Scrolls
 c - 2 scrolls of enchant armour {unknown}
 f - 4 scrolls of identify {unknown}
 g - a scroll of blinking {unknown}
 i - 2 scrolls of enchant weapon {unknown}
 l - 2 scrolls of teleportation {unknown}
 m - 2 scrolls of vulnerability {unknown}
 r - a scroll of summoning {unknown}
 v - a scroll of amnesia {unknown}
Potions
 h - a potion of mutation
 k - 2 potions of degeneration
 o - a potion of heal wounds {unknown}
 p - a potion of magic {unknown}
 u - a potion of haste
 w - 3 potions of might
 x - a potion of resistance {unknown}
 z - a potion of curing {unknown}
 A - a potion of attraction {unknown}
 B - a potion of berserk rage {unknown}


   Skills:
 + Level 6.1 Fighting
 * Level 7.0 Polearms
 - Level 3.2 Armour
 * Level 7.5 Shields
 + Level 2.1 Invocations


You had 7 spell levels left.
You didn't know any spells.
Your spell library contained the following spells:

 Spells                   Type           Power      Damage    Failure   Level
 Freeze                   Ice            0%         1d3       100%        1
 Call Canine Familiar     Summ           0%         N/A       100%        3
 Frozen Ramparts          Ice            0%         1d1       100%        3
 Hailstorm                Conj/Ice       0%         3d3       100%        3
 Portal Projectile        Hex/Tloc       0%         N/A       100%        3
 Leda's Liquefaction      Hex/Erth       0%         N/A       100%        4


Dungeon Overview and Level Annotations

Branches:
Dungeon (6/15)             Temple (1/1) D:5

Altars:
Dithmenos
Elyvilon
Fedhas
Gozag
Nemelex Xobeh
Qazlal
Ru
Trog
Xom
Yredelemnul
Zin
The Shining One


Innate Abilities, Weirdness & Mutations

You cannot be hasted, slowed, berserked, paralysed or teleported.
You can dig through walls and to a lower floor.
You have a pair of large antennae on your head. (SInv)
Your four strong arms can wield two-handed weapons with a shield.
Your flesh is cold resistant. (rC+)
Armour fits poorly on your strangely shaped body.
Your system is resistant to poisons. (rPois)


Message History

* * * LOW HITPOINT WARNING * * *
The orc wizard gestures at you while chanting.
You easily resist.
It was a potion of mutation.
You feel extremely strange.
Your body twists and deforms.
You feel resistant to cold.
You feel resistant to poisons. The bat hits your orc priest zombie.
The bat hits you.
* * * LOW HITPOINT WARNING * * *
The orc wizard points at you and mumbles some strange words.
The magic dart hits you.
* * * LOW HITPOINT WARNING * * *
The orc hits you with a +0 dagger.
* * * LOW HITPOINT WARNING * * *
The orc barely misses you.
It was a potion of haste.
Your stasis prevents you from being hasted.
The bat hits your orc priest zombie.
Your orc priest zombie hits the bat.
The orc hits you with a +0 dagger.
* * * LOW HITPOINT WARNING * * *
The orc hits you with a +0 mace.
* * * LOW HITPOINT WARNING * * *
The orc wizard hits you with a +0 dagger.
* * * LOW HITPOINT WARNING * * *
Okay, then.
You don't know any spells.
Unknown command.
Okay, then.
Okay, then.
It was a potion of invisibility.
You fade into invisibility!
You feel less confused. The bat hits you but does no damage.
The bat hits your orc priest zombie.
Your orc priest zombie misses the bat.
The orc hits you but does no damage. x2
You block the orc wizard's attack.
It was a potion of brilliance.
You feel clever all of a sudden. The bat hits you but does no damage.
The bat completely misses your orc priest zombie.
The orc hits you with a +0 dagger.
You die...
Your body rises from the dead as a mindless zombie.

#......# # #......#
####......#### +......?
.............† #...$..#
##.......... ....".#
####....).. .....#####
#.......
#.......#####.......
+...........'.......
####Z.@o...#####.......
#...b.oo########.......
#.###.)................
...........###########
###.#......##.. ..#
#.#......##.# #.# #
#.#.#'##.##.# #.# ##
#....<##.##.###.###.
.............##.#...


You could see an orc wizard (invisible, unable to see you), 2 orcs, a bat (ally
target) and a friendly orc priest zombie.

Vanquished Creatures
  The ghost of Thjof the Ruffian, a novice DrTm of Elyvilon (D:5)
  Sigmund (D:3)
  A black bear (D:6)
  A scorpion (D:5)
  2 hounds (D:5)
  2 orc priests (D:3)
  A gnoll bouda (D:5)
  An iguana (D:5)
  A centaur skeleton (D:5)
  5 orc wizards (D:5)
  6 gnolls
  A howler monkey skeleton (D:5)
  4 adders
  A white imp (D:5)
  A worm (D:4)
  A dart slug (D:1)
  4 orcs (D:3)
  A bat (D:1)
  6 endoplasms
  2 goblins
  8 hobgoblins
  4 jackals (D:2)
  4 quokkas
  3 ball pythons
  2 frilled lizards (D:1)
  6 kobolds
  9 rats
79 creatures vanquished.

Vanquished Creatures (collateral kills)
  A centaur zombie (D:5)
  A hound (D:5)
  2 gnolls (D:5)
  An adder (D:5)
5 creatures vanquished.

Vanquished Creatures (others)
  A hound zombie (D:5)
  An adder zombie (D:5)
  2 gnoll zombies (D:5)
4 creatures vanquished.

Grand Total: 88 creatures vanquished

Notes
Turn   | Place    | Note
-------+----------+-------------------------------------------
     0 | D:1      | Bnni the Formicid Fighter began the quest for the Orb.
     0 | D:1      | Reached XP level 1. HP: 18/18 MP: 1/1
    60 | D:1      | Reached XP level 2. HP: 24/24 MP: 2/2
    61 | D:1      | Upgraded the game from 0.30-a0-378-g86d51d8b50 to
                  | 0.30-a0-385-gfebfb9b408
   450 | D:1      | Reached XP level 3. HP: 29/29 MP: 3/3
   789 | D:2      | Reached skill level 5 in Shields
   789 | D:2      | Reached XP level 4. HP: 37/37 MP: 4/4
  1383 | D:3      | Reached XP level 5. HP: 25/42 MP: 5/5
  1512 | D:3      | Noticed Sigmund
  1532 | D:3      | Killed Sigmund
  1533 | D:3      | Reached XP level 6. HP: 38/50 MP: 6/6
  1583 | D:3      | Reached skill level 5 in Polearms
  1979 | D:3      | You fall into a shaft and drop 3 floors!
  2133 | D:6      | Noticed a black bear
  2139 | D:6      | Killed a black bear
  2140 | D:6      | Reached skill level 5 in Fighting
  2140 | D:6      | Reached XP level 7. HP: 55/56 MP: 7/7
  2182 | D:5      | Entered Level 5 of the Dungeon
  2182 | D:5      | Found a runed translucent gate.
  2182 | D:5      | Found a runed translucent gate.
  2182 | D:5      | Found a runed translucent gate.
  2371 | D:5      | Found a white marble altar of Elyvilon.
  2427 | D:5      | Found a staircase to the Ecumenical Temple.
  2434 | Temple   | Entered the Ecumenical Temple
  2612 | Temple   | Became a worshipper of Yredelemnul the Dark
  2764 | D:5      | Reached * piety under Yredelemnul
  2765 | D:5      | Found a bloodstained altar of Trog.
  2877 | D:5      | Reached ** piety under Yredelemnul
  2894 | D:5      | Reached XP level 8. HP: 55/63 MP: 8/8
  3127 | D:5      | Noticed Thjof's ghost (novice DrTm)
  3148 | D:5      | Killed Thjof's ghost
  3149 | D:5      | Reached skill level 1 in Invocations
  3372 | D:3      | Found a shadowy altar of Dithmenos.
  3374 | D:3      | Found a faded altar of an unknown god.
  3428 | D:3      | Gained mutation: Armour fits poorly on your strangely
                  | shaped body. [potion of mutation]
  3428 | D:3      | Gained mutation: Your flesh is cold resistant. (rC+)
                  | [potion of mutation]
  3428 | D:3      | Gained mutation: Your system is resistant to poisons.
                  | (rPois) [potion of mutation]
  3429 | D:3      | HP: 3/64 [orc/+0 mace (1)]
  3429 | D:3      | HP: 1/64 [orc wizard/+0 dagger (2)]
  3431 | D:3      | Slain by an orc

Illustrated notes

Levels and vault maps discovered:
D:1:      dpeg_arrival_rooms_b, layout_basic
D:2:      cheibrodos_helix_gallery, layout_basic
D:3:      layout_basic, nicolae_overflow_ecumenical_swirl, uniq_sigmund
D:4:      layout_gridville, nicolae_ashenzari_skybound, serial_shops, shop,
          uniq_crazy_yiuf_cottage
D:5:      layout_basic, mainiacjoe_overflow_chevrons,
          mainiacjoe_overflow_small_starburst,
          minmay_temple_entry_enclosed_plants, gammafunk_ghost_necromancy,
          minmay_a_box_with_orc_wizards_in_it
D:6:      layout_cave_pools, slow_altar_2, st_stairs_2, minivault_22,
          uniq_pikel, uniq_prince_ribbit1
Temple:   minmay_temple_curvy_branch

Skill      XL: |  1  2  3  4  5  6  7  8 |
---------------+-------------------------+-----
Shields        | 5 6 7 |  7.5
Polearms       | 3 4 5 6 7 |  7.0
Fighting       | 4 5 6 |  6.1
Invocations    | 2 |  2.1
Armour         | |  3.2

Action                   |  1- 3 |  4- 6 |  7- 9 || total
-------------------------+-------+-------+-------++-------
Melee: Trident           |    79 |    77 |       ||   156
       Halberd           |       |    28 |   111 ||   139
Invok: Recall Undead Har |       |       |     1 ||     1
 Abil: Shaft Self        |       |     1 |       ||     1
  Use: Potion            |       |     1 |     5 ||     6
 Stab: Distracted        |       |       |     1 ||     1
Armor: Scale mail        |    21 |       |       ||    21
       Plate armour      |     1 |    51 |   104 ||   156
Dodge: Dodged            |    29 |    21 |    35 ||    85
Block: Buckler           |     8 |    16 |    61 ||    85
       Reflection        |       |       |     2 ||     2

Table legend: (Time is in decaauts)
 A = Elapsed time spent in this place.
 B = Non-inter-level travel time spent in this place.
 C = Inter-level travel time spent in this place.
 D = Time resting spent in this place.
 E = Time spent auto-exploring this place.
 F = Levels seen in this place.
 G = Mean time per level.
                   A        B        C        D        E       F      G
               +--------+--------+--------+--------+--------+-----+--------+
         Total |   3491 |   3409 |     82 |    132 |   2579 |   7 |  498.7 |
       Dungeon |   3304 |   3252 |     52 |    132 |   2427 |   6 |  550.7 |
        Temple |    186 |    156 |     30 |      0 |    152 |   1 |  186.0 |
               +--------+--------+--------+--------+--------+-----+--------+

Top non-repeatable levels by time:
     D:5: 1007 daAuts
     D:3: 786 daAuts
     D:1: 737 daAuts
     D:2: 523 daAuts
     D:6: 204 daAuts
  Temple: 186 daAuts
     D:4: 46 daAuts
